 Dungeon Crawl Stone Soup version 0.22.1-1-ga44c0e5 (webtiles) character file.

734 Jamjie98 the Firebug (level 7, -1/50 (51) HPs)
             Began as a Pale Draconian Fire Elementalist on Sept 30, 2018.
             Slain by a vampire mosquito (2 damage)
             ... on level 8 of the Dungeon.
             The game lasted 00:37:21 (4681 turns).

Jamjie98 the Firebug (DrFE)                         Turns: 4681, Time: 00:37:23

HP:   -1/50 (51)    AC:  7    Str: 10    XL:     7   Next: 45%
MP:   3/13          EV: 13    Int: 17    God:
Gold: 98            SH:  0    Dex: 12    Spells: 7/14 levels left

rFire    . . .     SeeInvis .   q - -3 mace (curse)
rCold    . . .     Gourm    .   (no shield)
rNeg     . . .     Faith    .   (armour unavailable)
rPois    .         Spirit   .   (helmet restricted)
rElec    .         Reflect  .   l - +0 cloak (curse)
rCorr    .         Harm     .   (no gloves)
MR       .....                  (no boots)
Stlth    ++........             (no amulet)
HPRegen  0.16/turn              (no ring)
MPRegen  0.13/turn              (no ring)

@: no status effects
A: breathe steam, unfitting armour, cold-blooded, AC +6
a: Breathe Steam


You were on level 8 of the Dungeon.
You were not hungry.

You visited 1 branch of the dungeon, and saw 6 of its levels.

You collected 98 gold pieces.

Inventory:

Hand Weapons
 b - a +0 short sword
 c - a +0 club
 d - a +1 short sword
 e - a cursed -2 club
 g - a +0 club
 j - a +0 short sword
 o - a +0 long sword
 p - a +0 club
 q - a cursed -3 mace (weapon)
 t - a +0 dagger
 x - a +0 mace
 y - a +0 hunting sling
 z - a +0 dagger
 A - a +0 dagger
 B - a +0 dagger of pain
 G - a cursed -2 club
 I - a +0 club
 K - a cursed -1 short sword
 O - a +0 flail
Missiles
 a - 132 stones (quivered)
 k - 38 arrows
 n - 20 poisoned needles
 s - 2 needles of sleeping
 C - 2 sling bullets
 J - 42 bolts
Armour
 l - a cursed +0 cloak (worn)
 v - a +0 animal skin
 w - a +0 helmet
 E - a +1 scale mail of fire resistance
Wands
 h - a wand of clouds (6)
 i - a wand of flame (27)
Scrolls
 f - 5 scrolls of identify
 D - 2 scrolls of teleportation
 H - 2 scrolls of magic mapping
Potions
 m - a potion of degeneration {unknown}
 r - a potion of might {unknown}
 u - a potion of curing {unknown}
 F - a potion of brilliance {unknown}
 L - a potion of invisibility {unknown}
 M - a potion of lignification {unknown}
Comestibles
 N - 6 chunks of flesh


   Skills:
 + Level 0.5 Fighting
 + Level 1.9 Maces & Flails
 + Level 2.6 Dodging
 + Level 3.1 Stealth
 + Level 4.3 Spellcasting
 + Level 3.6 Conjurations
 + Level 1.1 Summonings
 + Level 5.4 Fire Magic


You had 7 spell levels left.
You knew the following spells:

 Your Spells              Type           Power        Failure   Level  Hunger
a - Flame Tongue          Conj/Fire      ###..        2%          1    None
b - Summon Small Mammal   Summ           #...         10%         1    None
c - Blink                 Tloc           N/A          22%         2    ##.....
d - Magic Dart            Conj           ###.         3%          1    None
e - Call Imp              Summ           #.......     14%         2    ##.....

Your spell library contained the following spells:

 Spells                   Type           Power        Failure   Level  Hunger
 Throw Flame              Conj/Fire      ###...       3%          2    ##.....
 Conjure Flame            Conj/Fire      ###.....     7%          3    ###....
 Animate Skeleton         Necr           N/A          16%         1    None
 Apportation              Tloc           #.....       16%         1    None
 Confusing Touch          Hex            #.....       16%         1    None
 Inner Flame              Hex/Fire       ##......     16%         3    ###....
 Slow                     Hex            #.......     24%         2    ##.....
 Sticky Flame             Conj/Fire      ###.....     24%         4    ####...
 Mephitic Cloud           Conj/Pois/Air  #.......     28%         3    ###....
 Fireball                 Conj/Fire      ###.......   54%         5    ######.


Dungeon Overview and Level Annotations

Branches:
Dungeon (8/15)
 Temple: D:4-7         Lair: D:8-11

Altars:
Nemelex Xobeh
Uskayaw
Wu Jian


Innate Abilities, Weirdness & Mutations

You can breathe blasts of scalding, opaque steam.
Your pale cyan-grey scales are hard. (AC +6)
You cannot fit into any form of body armour.
You are cold-blooded and may be slowed by cold attacks.


Message History

Casting: Flame Tongue (safe; 2% risk of failure)
Confirm with . or Enter, or press ? or * to list all spells.
A beastly little devil appears in a puff of flame.
The vampire mosquito closely misses you.
The vampire mosquito bites you!
* * * LOW HITPOINT WARNING * * *
The vampire mosquito draws strength from your injuries!
The vampire mosquito bites you.
* * * LOW HITPOINT WARNING * * *
The vampire mosquito draws strength from your injuries!
The phantom blinks!
The vampire mosquito barely misses you.
Casting: Call Imp (safe; 14% risk of failure)
Confirm with . or Enter, or press ? or * to list all spells.
You blink.
Casting: Blink (safe; 22% risk of failure)
Confirm with . or Enter, or press ? or * to list all spells.
You blink.
The vampire mosquito closely misses you.
The vampire mosquito bites you.
You die...

........##.# ........##.#
........##.# ........##.#
#####..##.### #...........#
#...........# #.........5W#
...........y@# #.#
##.........yF###### #.#
########.........###########
#.#
#.......>.[......)....)....
#.#
#..........ยง....#########.#
#.# #..............[# #.#
#.# #...............# #.#
#.# #######.........# #.#
..# #.........# #.#


You could see a phantom, 2 vampire mosquitoes, a bullfrog and a friendly crimson
imp.

Vanquished Creatures
  An ice beast (D:8)
  A necrophage (D:3)
  A big kobold (D:8)
  A howler monkey (D:4)
  A hound (D:4)
  A gnoll shaman (D:8)
  Ijyb (D:3)
  Natasha (twice) (D:3)
  3 orc wizards
  3 worker ants
  Robin (D:3)
  3 gnolls (D:8)
  2 adders (D:3)
  An ooze (D:2)
  3 worms (D:2)
  4 leopard geckos
  7 orcs
  A ball python (D:2)
  5 bats
  2 giant cockroaches
  12 goblins
  7 hobgoblins
  3 jackals (D:8)
  8 frilled lizards
  19 kobolds
  7 rats
100 creatures vanquished.

Vanquished Creatures (collateral kills)
  An adder (D:3)
  A goblin (D:3)
2 creatures vanquished.

Grand Total: 102 creatures vanquished

Notes
Turn   | Place    | Note
-------+----------+-------------------------------------------
     0 | D:1      | Jamjie98 the Draconian Fire Elementalist began the quest
                  | for the Orb.
     0 | D:1      | Reached XP level 1. HP: 14/14 MP: 3/3
   164 | D:1      | Reached XP level 2. HP: 5/20 MP: 0/5
  1222 | D:2      | Reached XP level 3. HP: 20/26 MP: 4/6
  2180 | D:3      | Learned a level 1 spell: Summon Small Mammal
  2291 | D:3      | Reached XP level 4. HP: 33/33 MP: 4/7
  2406 | D:3      | Noticed a necrophage
  2423 | D:3      | Killed a necrophage
  2423 | D:3      | Reached skill level 4 in Fire Magic
  2423 | D:3      | Reached XP level 5. HP: 32/37 MP: 0/9
  2605 | D:3      | Found a hide-covered altar of Uskayaw.
  2605 | D:3      | Noticed Robin
  2650 | D:3      | Killed Robin
  3324 | D:3      | Found an ornate altar of the Wu Jian Council.
  3418 | D:3      | Noticed Ijyb
  3479 | D:3      | Killed Ijyb
  3479 | D:3      | Reached XP level 6. HP: 19/44 MP: 0/11
  3807 | D:3      | Noticed Natasha
  3811 | D:3      | Killed Natasha
  3811 | D:3      | Reached skill level 1 in Maces & Flails
  3920 | D:3      | Noticed Natasha
  3940 | D:3      | Killed Natasha
  4222 | D:4      | You fall through a shaft!
  4222 | D:5      | Entered Level 5 of the Dungeon
  4246 | D:5      | Found a sparkling altar of Nemelex Xobeh.
  4247 | D:5      | You fall through a shaft for 3 floors!
  4255 | D:8      | Learned a level 2 spell: Blink
  4257 | D:8      | Learned a level 1 spell: Magic Dart
  4260 | D:8      | Learned a level 2 spell: Call Imp
  4321 | D:8      | Your scales start taking on a pale cyan-grey colour.
  4321 | D:8      | Reached skill level 5 in Fire Magic
  4321 | D:8      | Reached XP level 7. HP: 48/50 MP: 0/13
  4521 | D:8      | Reached skill level 1 in Summonings
  4668 | D:8      | Noticed a vampire mosquito
  4671 | D:8      | Noticed a vampire mosquito
  4679 | D:8      | HP: 2/50 [vampire mosquito (8)]
  4681 | D:8      | Slain by a vampire mosquito

Skill      XL: |  1  2  3  4  5  6  7 |
---------------+----------------------+-----
Stealth        | 2 3 |  3.1
Dodging        | 2 |  2.6
Conjurations   | 2 3 |  3.6
Fire Magic     | 4 5 |  5.4
Spellcasting   | 3 4 |  4.3
Maces & Flails | 1 |  1.9
Summonings     | 1 |  1.1
Fighting       | |  0.5

Action                   |  1- 3 |  4- 6 |  7- 9 || total
-------------------------+-------+-------+-------++-------
Melee: Club              |    14 |       |       ||    14
       Unarmed           |     7 |       |       ||     7
       Tailslap          |     2 |     7 |       ||     9
       Short sword       |     2 |       |       ||     2
       Mace              |     4 |    58 |       ||    62
 Cast: Flame Tongue      |    70 |   114 |    22 ||   206
       Summon Small Mamm |     4 |     3 |       ||     7
       Magic Dart        |       |     8 |       ||     8
       Call Imp          |       |     1 |     1 ||     2
       Blink             |       |       |     2 ||     2
 Abil: Breathe Steam     |       |       |     2 ||     2
Evoke: Wand              |     1 |       |       ||     1
  Use: Scroll            |     6 |     2 |       ||     8
  Eat: Chunk             |     5 |     2 |       ||     7
       Ration            |       |     2 |       ||     2
Armor: Skin              |    26 |    63 |     6 ||    95
Dodge: Dodged            |    52 |    60 |    19 ||   131
